Connexion

IceHogs vs Rampage

Created - 19 avril 2024 at 05:50

Goals
1 2 3 T
IceHogs 1 2 1 4
Rampage 1 0 1 2
Shots
1 2 3 T
IceHogs 10 12 8 30
Rampage 13 11 6 30

GoalsPenalties
1st period
1. IceHogs , Jean-Sébastien Dea 5 (Brandon Hickey 6, Danny O'Regan 3) at 1:16
2. Rampage , Michael Sgarbossa 5 (Jayson Megna 4, Steven Kampfer 2) at 16:29
Erik Gudbranson (SAN) for Slashing (Minor) at 14:20
Andrew Sturtz (RCK) for Cross-checking (Minor) at 14:20
2nd period
3. IceHogs , Riley Sheahan 2 (Cameron Gaunce 4, Charles Hudon 1) at 4:28
4. IceHogs , Danny O'Regan 3 (Dennis Cholowski 2) at 19:36
No Penalty
3rd period
5. IceHogs , Brendan Gaunce 3 (Dennis Cholowski 3, Cameron Gaunce 5) at 16:37
6. Rampage , Joseph Labate 3 (Hudson Fasching 3, Robert Hagg 6) at 19:29
Charles Hudon (RCK) for Tripping (Minor) at 9:37
Cameron Gaunce (RCK) for Cross-checking (Minor) at 12:27
Goalie Stats
Kasimir Kaskisuo (RCK), 28 saves from 30 shots - (0,933), W, 3-2-0, 60:00 minutes
Adam Werner (SAN), 26 saves from 30 shots - (0,867), L, 3-2-1, 60:00 minutes
3 StarsOfficial
1 - Danny O'Regan (RCK)
2 - Cameron Gaunce (RCK)
3 - Dennis Cholowski (RCK)
Referees : Don Koharski and Dan O'Rourke
Linesman : Ryan Galloway and Mike Cvik
Game Note
No Game Note
Finance
Level 1 -- Attendance: 1801 (90,05%) -- Ticket Income $75,642
Level 2 -- Attendance: 1000 (100,00%) -- Ticket Income $18,000
Total Attendance: 2801 (93,37%)
Total Ticket Income: $93,642
Other Income: $18,728
Total Income: $112,370



Team Name Goals Shots Shots Attemp Shots Blocked PIM HIT PP PK FO%
IceHogs 4306786190 / 0 (0,00%050%
Rampage 23060132220 / 2 (0%)050%

IceHogs
Player Name POS G A P +/- PIM HIT SHT SB MP PP MP PP SHT PK MP PK SHT FO% FOT
Andrew SturtzRW000-1200015:110:0000:000100% 1
Brandon GignacC000000000:000:0000:0000% 0
Brandon HickeyD0111003024:020:0001:5900% 0
Brendan GaunceC/LW101-1013015:120:0000:00047% 19
Cameron Gaunce D0223261020:170:0001:0400% 0
Cedric PaquetteC/LW0002030118:300:0001:2800% 0
Charles HudonLW/RW0111214018:230:0000:0000% 1
Colton SceviourC/LW/RW000-1011016:340:0001:2200% 4
Danny O'ReganC/RW1122024119:460:0002:410100% 2
Dennis CholowskiD0223011321:120:0001:5800% 0
Erik CernakD0001023124:220:0002:0000% 0
Jack DoughertyD000-2000115:200:0000:5400% 0
Jean-Sébastien DeaC/RW1012004123:030:0001:35060% 25
Mark AltD000-2000014:460:0000:0100% 0
Mikhail VorobyovC000000004:230:0000:00067% 3
Riley SheahanC1011005018:240:0000:00050% 20
William CarrierLW/RW0001021020:120:0000:5000% 3
Zack O'BrienC/RW000000004:230:0000:0000% 0
Rampage
Player Name POS G A P +/- PIM HIT SHT SB MP PP MP PP SHT PK MP PK SHT FO% FOT
Chris TierneyC000-1002021:581:5210:00050% 28
Curtis McKenzieC/LW/RW000-1023021:551:5200:0000% 0
Dmytro TimashovLW000000307:310:0000:0000% 0
Erik Gudbranson D000-2232021:022:1600:0000% 0
Hudson FaschingRW011-1000118:142:0600:000100% 2
Jayson MegnaRW0110001111:190:0000:00050% 2
Joey AndersonRW000-1024121:581:5200:0000% 1
Johnny KovacevicD0000000315:150:0000:0000% 0
Joseph LabateLW101-1022018:142:0600:00050% 2
Josh BrownD0000020023:421:4200:0000% 0
Josh LeivoRW000000307:310:0000:000100% 1
Matt MartinC/LW/RW000-1011019:122:0600:00038% 16
Michael SgarbossaC1010003011:190:0000:00033% 12
Nick HoldenD000-2000522:042:1600:0000% 0
Nick RitchieLW0000060011:190:0000:0000% 0
Robert HaggD0110032123:421:4200:0000% 0
Sam CarrickC000001207:310:0000:00071% 14
Steven KampferD0110002114:140:0000:0000% 0



Play-by-Play

1st period


0:01 of 1st period - Chris Tierney wins face-off versus Jean-Sébastien Dea in neutral zone.
0:15 of 1st period - Off-side.
0:16 of 1st period - Riley Sheahan wins face-off versus Matt Martin in neutral zone.
0:16 of 1st period - Cameron Gaunce is hit by Joseph Labate and loses puck.
0:43 of 1st period - Shot by Riley Sheahan.
0:43 of 1st period - Shot Misses the Net.
1:04 of 1st period - Icing by Nick Holden.
1:05 of 1st period - Jean-Sébastien Dea wins face-off versus Matt Martin in Rampage zone.
1:16 of 1st period - Shot by Jean-Sébastien Dea.
1:16 of 1st period - Goal by Jean-Sébastien Dea - IceHogs : 1 - Rampage : 0.
1:17 of 1st period - Brendan Gaunce wins face-off versus Michael Sgarbossa in neutral zone.
1:17 of 1st period - Colton Sceviour is hit by Nick Ritchie and loses puck.
2:09 of 1st period - Colton Sceviour is hit by Nick Ritchie and loses puck.
2:54 of 1st period - Shot by Danny O'Regan.
2:54 of 1st period - Shot Misses the Net.
3:04 of 1st period - Shot by Brandon Hickey.
3:04 of 1st period - Stopped by Adam Werner without a rebound.
3:05 of 1st period - Josh Leivo wins face-off versus Riley Sheahan in Rampage zone.
3:09 of 1st period - Sam Carrick is hit by Cameron Gaunce and loses puck.
3:29 of 1st period - Shot by Sam Carrick.
3:29 of 1st period - Shot Misses the Net.
3:31 of 1st period - Shot by Sam Carrick.
3:31 of 1st period - Deflect By Dmytro Timashov.
3:31 of 1st period - Stopped by Kasimir Kaskisuo with a rebound.
3:33 of 1st period - Shot by Dmytro Timashov.
3:33 of 1st period - Shot Misses the Net.
3:35 of 1st period - Shot by Dmytro Timashov.
3:35 of 1st period - Shot Misses the Net.
4:31 of 1st period - Shot by Joseph Labate.
4:31 of 1st period - Shot Misses the Net.
4:45 of 1st period - Shot by Curtis McKenzie.
4:45 of 1st period - Stopped by Kasimir Kaskisuo without a rebound.
4:46 of 1st period - Brendan Gaunce wins face-off versus Chris Tierney in IceHogs zone.
5:36 of 1st period - Andrew Sturtz is hit by Nick Ritchie and loses puck.
5:40 of 1st period - Jack Dougherty is hit by Nick Ritchie and loses puck.
6:13 of 1st period - Shot by Danny O'Regan.
6:13 of 1st period - Shot Misses the Net.
6:15 of 1st period - Shot by Danny O'Regan.
6:15 of 1st period - Shot Hit the Post.
6:17 of 1st period - Shot by Dennis Cholowski.
6:17 of 1st period - Shot Misses the Net.
6:19 of 1st period - Shot by Cameron Gaunce .
6:19 of 1st period - Shot Blocked by Nick Holden.
6:30 of 1st period - Icing by Erik Gudbranson .
6:31 of 1st period - Riley Sheahan wins face-off versus Michael Sgarbossa in Rampage zone.
6:33 of 1st period - Charles Hudon is hit by Erik Gudbranson and loses puck.
6:50 of 1st period - Shot by William Carrier.
6:50 of 1st period - Shot Misses the Net.
6:57 of 1st period - Charles Hudon is hit by Erik Gudbranson and loses puck.
7:00 of 1st period - Shot by Riley Sheahan.
7:00 of 1st period - Shot Blocked by Nick Holden.
7:02 of 1st period - Shot by Erik Cernak.
7:02 of 1st period - Stopped by Adam Werner with a rebound.
7:04 of 1st period - Shot by William Carrier.
7:04 of 1st period - Deflect By Riley Sheahan.
7:04 of 1st period - Stopped by Adam Werner with a rebound.
7:46 of 1st period - Shot by Robert Hagg.
7:46 of 1st period - Shot Blocked by Jean-Sébastien Dea.
7:48 of 1st period - Shot by Robert Hagg.
7:48 of 1st period - Stopped by Kasimir Kaskisuo without a rebound.
7:49 of 1st period - Hudson Fasching wins face-off versus Brendan Gaunce in IceHogs zone.
7:52 of 1st period - Shot by Hudson Fasching.
7:52 of 1st period - Shot Misses the Net.
8:43 of 1st period - Icing by Brandon Hickey.
8:44 of 1st period - Jean-Sébastien Dea wins face-off versus Chris Tierney in IceHogs zone.
8:55 of 1st period - Shot by Danny O'Regan.
8:55 of 1st period - Stopped by Adam Werner with a rebound.
9:11 of 1st period - Shot by Danny O'Regan.
9:11 of 1st period - Stopped by Adam Werner without a rebound.
9:12 of 1st period - Sam Carrick wins face-off versus Riley Sheahan in Rampage zone.
9:12 of 1st period - Erik Gudbranson is hit by Charles Hudon and loses puck.
9:47 of 1st period - Shot by Sam Carrick.
9:47 of 1st period - Stopped by Kasimir Kaskisuo with a rebound.
10:07 of 1st period - Shot by Andrew Sturtz.
10:07 of 1st period - Shot Misses the Net.
10:12 of 1st period - Sam Carrick is hit by Cameron Gaunce and loses puck.
10:45 of 1st period - Shot by Curtis McKenzie.
10:45 of 1st period - Shot Misses the Net.
12:04 of 1st period - Shot by Riley Sheahan.
12:04 of 1st period - Deflect By Charles Hudon.
12:04 of 1st period - Stopped by Adam Werner without a rebound.
12:05 of 1st period - Riley Sheahan wins face-off versus Michael Sgarbossa in Rampage zone.
12:14 of 1st period - Shot by Charles Hudon.
12:14 of 1st period - Stopped by Adam Werner without a rebound.
12:15 of 1st period - Chris Tierney wins face-off versus Brendan Gaunce in Rampage zone.
12:30 of 1st period - Shot by Curtis McKenzie.
12:30 of 1st period - Shot Misses the Net.
12:32 of 1st period - Shot by Nick Holden.
12:32 of 1st period - Deflect By Curtis McKenzie.
12:32 of 1st period - Stopped by Kasimir Kaskisuo without a rebound.
12:33 of 1st period - Michael Sgarbossa wins face-off versus Riley Sheahan in IceHogs zone.
12:42 of 1st period - Shot by Jayson Megna.
12:42 of 1st period - Deflect By Michael Sgarbossa.
12:42 of 1st period - Shot Misses the Net.
13:02 of 1st period - Shot by Nick Ritchie.
13:02 of 1st period - Shot Misses the Net.
13:39 of 1st period - Shot by Jean-Sébastien Dea.
13:39 of 1st period - Deflect By Danny O'Regan.
13:39 of 1st period - Stopped by Adam Werner without a rebound.
13:40 of 1st period - Brendan Gaunce wins face-off versus Chris Tierney in Rampage zone.
13:44 of 1st period - Icing by Johnny Kovacevic.
13:45 of 1st period - Chris Tierney wins face-off versus Jean-Sébastien Dea in Rampage zone.
14:07 of 1st period - Shot by Joey Anderson.
14:07 of 1st period - Stopped by Kasimir Kaskisuo without a rebound.
14:08 of 1st period - Hudson Fasching wins face-off versus Brendan Gaunce in IceHogs zone.
14:09 of 1st period - Shot by Matt Martin.
14:09 of 1st period - Shot Misses the Net.
14:14 of 1st period - Andrew Sturtz is hit by Erik Gudbranson and loses puck.
14:20 of 1st period - Minor Penalty to Erik Gudbranson for Slashing.
14:20 of 1st period - Minor Penalty to Andrew Sturtz for Cross-checking.
14:21 of 1st period - Chris Tierney wins face-off versus Jean-Sébastien Dea in Rampage zone.
14:21 of 1st period - Chris Tierney is hit by Danny O'Regan.
14:42 of 1st period - Shot by Jean-Sébastien Dea.
14:42 of 1st period - Shot Misses the Net.
14:44 of 1st period - Shot by Dennis Cholowski.
14:44 of 1st period - Shot Blocked by Nick Holden.
14:46 of 1st period - Shot by Danny O'Regan.
14:46 of 1st period - Shot Blocked by Nick Holden.
15:01 of 1st period - Shot by Chris Tierney.
15:01 of 1st period - Shot Blocked by Danny O'Regan.
15:56 of 1st period - Erik Cernak is hit by Matt Martin and loses puck.
16:29 of 1st period - Shot by Michael Sgarbossa.
16:29 of 1st period - Goal by Michael Sgarbossa - IceHogs : 1 - Rampage : 1.
16:30 of 1st period - Sam Carrick wins face-off versus Colton Sceviour in neutral zone.
16:33 of 1st period - Shot by Dmytro Timashov.
16:33 of 1st period - Stopped by Kasimir Kaskisuo without a rebound.
16:34 of 1st period - Sam Carrick wins face-off versus Colton Sceviour in IceHogs zone.
16:37 of 1st period - Shot by Josh Leivo.
16:37 of 1st period - Shot Misses the Net.
16:54 of 1st period - Shot by Colton Sceviour.
16:54 of 1st period - Stopped by Adam Werner without a rebound.
16:55 of 1st period - Jean-Sébastien Dea wins face-off versus Michael Sgarbossa in Rampage zone.
17:11 of 1st period - Icing by Johnny Kovacevic.
17:12 of 1st period - Michael Sgarbossa wins face-off versus Riley Sheahan in Rampage zone.
17:21 of 1st period - Shot by Jayson Megna.
17:21 of 1st period - Stopped by Kasimir Kaskisuo without a rebound.
17:22 of 1st period - Jean-Sébastien Dea wins face-off versus Chris Tierney in IceHogs zone.
17:22 of 1st period - Jean-Sébastien Dea is hit by Joey Anderson.
17:27 of 1st period - Brandon Hickey is hit by Joey Anderson and loses puck.
17:34 of 1st period - Shot by Curtis McKenzie.
17:34 of 1st period - Stopped by Kasimir Kaskisuo with a rebound.
17:36 of 1st period - Shot by Chris Tierney.
17:36 of 1st period - Deflect By Joey Anderson.
17:36 of 1st period - Shot Misses the Net.
17:54 of 1st period - Shot by Robert Hagg.
17:54 of 1st period - Stopped by Kasimir Kaskisuo without a rebound.
17:55 of 1st period - Matt Martin wins face-off versus Riley Sheahan in IceHogs zone.
17:55 of 1st period - Nick Holden is hit by Cameron Gaunce and loses puck.
17:58 of 1st period - Shot by Erik Gudbranson .
17:58 of 1st period - Stopped by Kasimir Kaskisuo with a rebound.
18:07 of 1st period - Hudson Fasching is hit by Cameron Gaunce and loses puck.
18:20 of 1st period - Shot by Hudson Fasching.
18:20 of 1st period - Shot Misses the Net.
18:22 of 1st period - Shot by Nick Holden.
18:22 of 1st period - Shot Blocked by Dennis Cholowski.
18:24 of 1st period - Shot by Joseph Labate.
18:24 of 1st period - Shot Hit the Post.
18:26 of 1st period - Shot by Erik Gudbranson .
18:26 of 1st period - Stopped by Kasimir Kaskisuo without a rebound.
18:27 of 1st period - Jean-Sébastien Dea wins face-off versus Joey Anderson in IceHogs zone.
18:29 of 1st period - Icing by Brandon Hickey.
18:30 of 1st period - Chris Tierney wins face-off versus Jean-Sébastien Dea in IceHogs zone.
18:57 of 1st period - Robert Hagg is hit by Cedric Paquette and loses puck.
19:01 of 1st period - Icing by Josh Brown.
19:02 of 1st period - Chris Tierney wins face-off versus William Carrier in Rampage zone.
19:02 of 1st period - Chris Tierney is hit by William Carrier.
19:56 of 1st period - Icing by Brandon Hickey.
19:57 of 1st period - Sam Carrick wins face-off versus Colton Sceviour in IceHogs zone.
19:57 of 1st period - Josh Leivo is hit by Erik Cernak and loses puck.
Goals for this period are 1 for IceHogs vs 1 for Rampage.
Shots for this period are 10 for IceHogs vs 13 for Rampage.

2nd period


0:01 of 2nd period - Jean-Sébastien Dea wins face-off versus Chris Tierney in neutral zone.
1:08 of 2nd period - Icing by Nick Holden.
1:09 of 2nd period - Matt Martin wins face-off versus Riley Sheahan in Rampage zone.
2:24 of 2nd period - Jack Dougherty is hit by Nick Ritchie and loses puck.
2:49 of 2nd period - Shot by Jayson Megna.
2:49 of 2nd period - Shot Blocked by Jack Dougherty.
2:53 of 2nd period - Shot by Jayson Megna.
2:53 of 2nd period - Shot Misses the Net.
3:59 of 2nd period - Cameron Gaunce is hit by Josh Brown and loses puck.
4:11 of 2nd period - Joey Anderson is hit by Cameron Gaunce and loses puck.
4:18 of 2nd period - Shot by Charles Hudon.
4:18 of 2nd period - Stopped by Adam Werner with a rebound.
4:20 of 2nd period - Shot by Cameron Gaunce .
4:20 of 2nd period - Shot Misses the Net.
4:22 of 2nd period - Shot by Riley Sheahan.
4:22 of 2nd period - Shot Misses the Net.
4:24 of 2nd period - Shot by Riley Sheahan.
4:24 of 2nd period - Shot Blocked by Robert Hagg.
4:26 of 2nd period - Shot by Riley Sheahan.
4:26 of 2nd period - Shot Misses the Net.
4:28 of 2nd period - Shot by Riley Sheahan.
4:28 of 2nd period - Goal by Riley Sheahan - IceHogs : 2 - Rampage : 1.
4:29 of 2nd period - Jean-Sébastien Dea wins face-off versus Sam Carrick in neutral zone.
4:36 of 2nd period - Shot by Brandon Hickey.
4:36 of 2nd period - Stopped by Adam Werner without a rebound.
4:37 of 2nd period - Jean-Sébastien Dea wins face-off versus Matt Martin in Rampage zone.
4:48 of 2nd period - Shot by Jean-Sébastien Dea.
4:48 of 2nd period - Deflect By Danny O'Regan.
4:48 of 2nd period - Shot Blocked by Johnny Kovacevic.
5:42 of 2nd period - Shot by Riley Sheahan.
5:42 of 2nd period - Shot Blocked by Nick Holden.
5:48 of 2nd period - Shot by Sam Carrick.
5:48 of 2nd period - Shot Misses the Net.
5:50 of 2nd period - Shot by Josh Leivo.
5:50 of 2nd period - Stopped by Kasimir Kaskisuo without a rebound.
5:51 of 2nd period - Brendan Gaunce wins face-off versus Michael Sgarbossa in IceHogs zone.
5:53 of 2nd period - Icing by Cameron Gaunce .
5:54 of 2nd period - Brendan Gaunce wins face-off versus Jayson Megna in IceHogs zone.
5:54 of 2nd period - Brendan Gaunce is hit by Nick Ritchie.
6:27 of 2nd period - Off-side.
6:28 of 2nd period - Chris Tierney wins face-off versus Jean-Sébastien Dea in neutral zone.
6:28 of 2nd period - Chris Tierney is hit by Cedric Paquette.
7:57 of 2nd period - Shot by William Carrier.
7:57 of 2nd period - Stopped by Adam Werner without a rebound.
7:58 of 2nd period - Brendan Gaunce wins face-off versus Matt Martin in Rampage zone.
7:58 of 2nd period - Brendan Gaunce is hit by Josh Brown.
8:04 of 2nd period - Shot by Brendan Gaunce.
8:04 of 2nd period - Stopped by Adam Werner without a rebound.
8:05 of 2nd period - Matt Martin wins face-off versus Brendan Gaunce in Rampage zone.
8:07 of 2nd period - Robert Hagg is hit by Colton Sceviour and loses puck.
8:20 of 2nd period - Shot by Brendan Gaunce.
8:20 of 2nd period - Shot Misses the Net.
8:22 of 2nd period - Shot by Cameron Gaunce .
8:22 of 2nd period - Stopped by Adam Werner with a rebound.
8:24 of 2nd period - Shot by Andrew Sturtz.
8:24 of 2nd period - Shot Blocked by Hudson Fasching.
8:45 of 2nd period - Colton Sceviour is hit by Robert Hagg.
9:09 of 2nd period - Shot by Nick Ritchie.
9:09 of 2nd period - Shot Blocked by Cedric Paquette.
9:11 of 2nd period - Shot by Steven Kampfer.
9:11 of 2nd period - Stopped by Kasimir Kaskisuo without a rebound.
9:12 of 2nd period - Riley Sheahan wins face-off versus Sam Carrick in IceHogs zone.
9:12 of 2nd period - Riley Sheahan is hit by Sam Carrick.
9:18 of 2nd period - Shot by Charles Hudon.
9:18 of 2nd period - Stopped by Adam Werner without a rebound.
9:19 of 2nd period - Jayson Megna wins face-off versus Riley Sheahan in Rampage zone.
9:42 of 2nd period - Shot by Michael Sgarbossa.
9:42 of 2nd period - Stopped by Kasimir Kaskisuo without a rebound.
9:43 of 2nd period - Jean-Sébastien Dea wins face-off versus Chris Tierney in IceHogs zone.
10:54 of 2nd period - Icing by Hudson Fasching.
10:55 of 2nd period - Riley Sheahan wins face-off versus Matt Martin in Rampage zone.
10:58 of 2nd period - Shot by Riley Sheahan.
10:58 of 2nd period - Stopped by Adam Werner with a rebound.
11:16 of 2nd period - Icing by Josh Brown.
11:17 of 2nd period - Brendan Gaunce wins face-off versus Matt Martin in Rampage zone.
11:38 of 2nd period - Jack Dougherty is hit by Robert Hagg and loses puck.
12:47 of 2nd period - Shot by Chris Tierney.
12:47 of 2nd period - Stopped by Kasimir Kaskisuo without a rebound.
12:48 of 2nd period - Sam Carrick wins face-off versus Jean-Sébastien Dea in IceHogs zone.
13:15 of 2nd period - Shot by Josh Leivo.
13:15 of 2nd period - Stopped by Kasimir Kaskisuo with a rebound.
13:23 of 2nd period - Shot by Sam Carrick.
13:23 of 2nd period - Stopped by Kasimir Kaskisuo without a rebound.
13:24 of 2nd period - Chris Tierney wins face-off versus Brendan Gaunce in IceHogs zone.
13:27 of 2nd period - Shot by Joey Anderson.
13:27 of 2nd period - Stopped by Kasimir Kaskisuo without a rebound.
13:28 of 2nd period - Andrew Sturtz wins face-off versus Chris Tierney in IceHogs zone.
14:00 of 2nd period - Shot by Andrew Sturtz.
14:00 of 2nd period - Shot Blocked by Johnny Kovacevic.
14:02 of 2nd period - Shot by Erik Cernak.
14:02 of 2nd period - Stopped by Adam Werner with a rebound.
14:04 of 2nd period - Shot by Brendan Gaunce.
14:04 of 2nd period - Stopped by Adam Werner without a rebound.
14:05 of 2nd period - Michael Sgarbossa wins face-off versus Jean-Sébastien Dea in Rampage zone.
14:05 of 2nd period - Jayson Megna is hit by Danny O'Regan and loses puck.
14:13 of 2nd period - Off-side.
14:14 of 2nd period - Jean-Sébastien Dea wins face-off versus Sam Carrick in neutral zone.
14:19 of 2nd period - Shot by Jean-Sébastien Dea.
14:19 of 2nd period - Stopped by Adam Werner without a rebound.
14:20 of 2nd period - Jean-Sébastien Dea wins face-off versus Michael Sgarbossa in Rampage zone.
14:34 of 2nd period - Robert Hagg is hit by Dennis Cholowski and loses puck.
14:45 of 2nd period - Shot by Danny O'Regan.
14:45 of 2nd period - Deflect By Jean-Sébastien Dea.
14:45 of 2nd period - Shot Blocked by Jayson Megna.
15:00 of 2nd period - Icing by Robert Hagg.
15:01 of 2nd period - Riley Sheahan wins face-off versus Michael Sgarbossa in Rampage zone.
15:46 of 2nd period - Shot by Joey Anderson.
15:46 of 2nd period - Stopped by Kasimir Kaskisuo without a rebound.
15:47 of 2nd period - Brendan Gaunce wins face-off versus Matt Martin in IceHogs zone.
16:19 of 2nd period - Icing by Nick Holden.
16:20 of 2nd period - Matt Martin wins face-off versus Jean-Sébastien Dea in Rampage zone.
16:36 of 2nd period - Icing by Nick Holden.
16:37 of 2nd period - Riley Sheahan wins face-off versus Matt Martin in Rampage zone.
17:04 of 2nd period - Shot by Riley Sheahan.
17:04 of 2nd period - Shot Misses the Net.
17:24 of 2nd period - Shot by Joey Anderson.
17:24 of 2nd period - Deflect By Chris Tierney.
17:24 of 2nd period - Shot Blocked by Erik Cernak.
17:58 of 2nd period - Shot by Steven Kampfer.
17:58 of 2nd period - Stopped by Kasimir Kaskisuo with a rebound.
18:00 of 2nd period - Shot by Steven Kampfer.
18:00 of 2nd period - Shot Misses the Net.
18:15 of 2nd period - Shot by Michael Sgarbossa.
18:15 of 2nd period - Stopped by Kasimir Kaskisuo without a rebound.
18:16 of 2nd period - Sam Carrick wins face-off versus Colton Sceviour in IceHogs zone.
18:19 of 2nd period - Shot by Dmytro Timashov.
18:19 of 2nd period - Stopped by Kasimir Kaskisuo without a rebound.
18:20 of 2nd period - Joseph Labate wins face-off versus Brendan Gaunce in IceHogs zone.
19:36 of 2nd period - Shot by Danny O'Regan.
19:36 of 2nd period - Goal by Danny O'Regan - IceHogs : 3 - Rampage : 1.
19:37 of 2nd period - Chris Tierney wins face-off versus Charles Hudon in neutral zone.
Goals for this period are 2 for IceHogs vs 0 for Rampage.
Shots for this period are 12 for IceHogs vs 11 for Rampage.

3rd period


0:01 of 3rd period - Jean-Sébastien Dea wins face-off versus Chris Tierney in neutral zone.
0:30 of 3rd period - Shot by Jean-Sébastien Dea.
0:30 of 3rd period - Stopped by Adam Werner with a rebound.
0:51 of 3rd period - Icing by Josh Brown.
0:52 of 3rd period - Chris Tierney wins face-off versus Riley Sheahan in Rampage zone.
1:25 of 3rd period - Shot by Riley Sheahan.
1:25 of 3rd period - Shot Blocked by Johnny Kovacevic.
1:49 of 3rd period - Shot by Josh Leivo.
1:49 of 3rd period - Shot Misses the Net.
4:28 of 3rd period - Shot by Dennis Cholowski.
4:28 of 3rd period - Stopped by Adam Werner without a rebound.
4:29 of 3rd period - Mikhail Vorobyov wins face-off versus Chris Tierney in Rampage zone.
4:36 of 3rd period - Shot by Mikhail Vorobyov.
4:36 of 3rd period - Shot Misses the Net.
4:38 of 3rd period - Shot by Brandon Hickey.
4:38 of 3rd period - Stopped by Adam Werner without a rebound.
4:39 of 3rd period - Matt Martin wins face-off versus Mikhail Vorobyov in Rampage zone.
5:06 of 3rd period - Icing by Cameron Gaunce .
5:07 of 3rd period - Mikhail Vorobyov wins face-off versus Chris Tierney in IceHogs zone.
5:33 of 3rd period - Icing by Steven Kampfer.
5:34 of 3rd period - Riley Sheahan wins face-off versus Chris Tierney in Rampage zone.
6:02 of 3rd period - Shot by Riley Sheahan.
6:02 of 3rd period - Shot Misses the Net.
6:04 of 3rd period - Shot by William Carrier.
6:04 of 3rd period - Shot Misses the Net.
6:06 of 3rd period - Shot by Riley Sheahan.
6:06 of 3rd period - Shot Blocked by Steven Kampfer.
7:29 of 3rd period - Icing by Hudson Fasching.
7:30 of 3rd period - Danny O'Regan wins face-off versus Matt Martin in Rampage zone.
7:30 of 3rd period - Danny O'Regan is hit by Robert Hagg.
7:32 of 3rd period - Shot by Dennis Cholowski.
7:32 of 3rd period - Shot Misses the Net.
8:04 of 3rd period - Shot by Nick Ritchie.
8:04 of 3rd period - Shot Blocked by Dennis Cholowski.
8:30 of 3rd period - Off-side.
8:31 of 3rd period - Sam Carrick wins face-off versus Brendan Gaunce in neutral zone.
9:34 of 3rd period - Off-side.
9:35 of 3rd period - Chris Tierney wins face-off versus Riley Sheahan in neutral zone.
9:37 of 3rd period - Minor Penalty to Charles Hudon for Tripping.
9:38 of 3rd period - Chris Tierney wins face-off versus Jean-Sébastien Dea in IceHogs zone.
9:52 of 3rd period - Shot by Chris Tierney.
9:52 of 3rd period - Stopped by Kasimir Kaskisuo without a rebound.
9:53 of 3rd period - Jean-Sébastien Dea wins face-off versus Matt Martin in IceHogs zone.
9:53 of 3rd period - Jean-Sébastien Dea is hit by Joseph Labate.
11:43 of 3rd period - Shot by William Carrier.
11:43 of 3rd period - Shot Misses the Net.
12:03 of 3rd period - Shot by Riley Sheahan.
12:03 of 3rd period - Stopped by Adam Werner without a rebound.
12:04 of 3rd period - Sam Carrick wins face-off versus Brendan Gaunce in Rampage zone.
12:04 of 3rd period - Sam Carrick is hit by Brendan Gaunce.
12:26 of 3rd period - Sam Carrick is hit by Cameron Gaunce and loses puck.
12:27 of 3rd period - Minor Penalty to Cameron Gaunce for Cross-checking.
12:28 of 3rd period - Jean-Sébastien Dea wins face-off versus Chris Tierney in IceHogs zone.
12:28 of 3rd period - Brandon Hickey is hit by Curtis McKenzie and loses puck.
13:27 of 3rd period - Shot by Robert Hagg.
13:27 of 3rd period - Shot Misses the Net.
13:29 of 3rd period - Shot by Matt Martin.
13:29 of 3rd period - Deflect By Joseph Labate.
13:29 of 3rd period - Shot Misses the Net.
13:43 of 3rd period - Shot by Hudson Fasching.
13:43 of 3rd period - Shot Blocked by Dennis Cholowski.
13:45 of 3rd period - Shot by Robert Hagg.
13:45 of 3rd period - Shot Misses the Net.
14:31 of 3rd period - Shot by Zack O'Brien.
14:31 of 3rd period - Shot Misses the Net.
14:43 of 3rd period - Shot by Zack O'Brien.
14:43 of 3rd period - Shot Misses the Net.
14:45 of 3rd period - Shot by Erik Cernak.
14:45 of 3rd period - Stopped by Adam Werner without a rebound.
14:46 of 3rd period - Sam Carrick wins face-off versus William Carrier in Rampage zone.
14:57 of 3rd period - Icing by Charles Hudon.
14:58 of 3rd period - Riley Sheahan wins face-off versus Chris Tierney in IceHogs zone.
15:00 of 3rd period - Icing by Jack Dougherty.
15:01 of 3rd period - Chris Tierney wins face-off versus William Carrier in IceHogs zone.
15:12 of 3rd period - Erik Gudbranson is hit by William Carrier and loses puck.
16:19 of 3rd period - Shot by Hudson Fasching.
16:19 of 3rd period - Deflect By Joseph Labate.
16:19 of 3rd period - Stopped by Kasimir Kaskisuo without a rebound.
16:20 of 3rd period - Michael Sgarbossa wins face-off versus Brendan Gaunce in IceHogs zone.
16:37 of 3rd period - Shot by Brendan Gaunce.
16:37 of 3rd period - Goal by Brendan Gaunce - IceHogs : 4 - Rampage : 1.
16:38 of 3rd period - Riley Sheahan wins face-off versus Sam Carrick in neutral zone.
16:53 of 3rd period - Shot by Dmytro Timashov.
16:53 of 3rd period - Shot Misses the Net.
16:55 of 3rd period - Shot by Josh Leivo.
16:55 of 3rd period - Stopped by Kasimir Kaskisuo without a rebound.
16:56 of 3rd period - Chris Tierney wins face-off versus Jean-Sébastien Dea in IceHogs zone.
16:58 of 3rd period - Joey Anderson is hit by Erik Cernak and loses puck.
17:07 of 3rd period - Shot by Joey Anderson.
17:07 of 3rd period - Stopped by Kasimir Kaskisuo without a rebound.
17:08 of 3rd period - Matt Martin wins face-off versus Brendan Gaunce in IceHogs zone.
17:35 of 3rd period - Shot by Matt Martin.
17:35 of 3rd period - Stopped by Kasimir Kaskisuo without a rebound.
17:36 of 3rd period - Jean-Sébastien Dea wins face-off versus Chris Tierney in IceHogs zone.
17:36 of 3rd period - Jean-Sébastien Dea is hit by Curtis McKenzie.
18:05 of 3rd period - Erik Gudbranson is hit by Cedric Paquette and loses puck.
18:10 of 3rd period - Shot by Danny O'Regan.
18:10 of 3rd period - Shot Misses the Net.
18:12 of 3rd period - Shot by Jean-Sébastien Dea.
18:12 of 3rd period - Shot Blocked by Joey Anderson.
18:14 of 3rd period - Shot by Cedric Paquette.
18:14 of 3rd period - Shot Misses the Net.
18:16 of 3rd period - Shot by Cedric Paquette.
18:16 of 3rd period - Shot Misses the Net.
18:47 of 3rd period - Shot by Riley Sheahan.
18:47 of 3rd period - Shot Misses the Net.
18:49 of 3rd period - Shot by Riley Sheahan.
18:49 of 3rd period - Stopped by Adam Werner without a rebound.
18:50 of 3rd period - Brendan Gaunce wins face-off versus Joseph Labate in Rampage zone.
19:29 of 3rd period - Shot by Joseph Labate.
19:29 of 3rd period - Goal by Joseph Labate - IceHogs : 4 - Rampage : 2.
19:30 of 3rd period - Danny O'Regan wins face-off versus Michael Sgarbossa in neutral zone.
19:55 of 3rd period - Shot by Jean-Sébastien Dea.
19:55 of 3rd period - Stopped by Adam Werner without a rebound.
19:56 of 3rd period - Sam Carrick wins face-off versus Riley Sheahan in Rampage zone.
Goals for this period are 1 for IceHogs vs 1 for Rampage.
Shots for this period are 8 for IceHogs vs 6 for Rampage.